 Dungeon Crawl Stone Soup version 0.31-a0-981-geadf994542 (webtiles) character file.

Game seed: 6098941904638337483

28 porpoise the Vexing (level 2, 0/19 HPs)
             Began as a Demonspawn Enchanter on Nov 1, 2023.
             Slain by a quokka (2 damage)
             ... on level 2 of the Dungeon.
             The game lasted 00:05:06 (1338 turns).

porpoise the Vexing (Demonspawn Enchanter)          Turns: 1338, Time: 00:05:07

Health: 0/19       AC:  4    Str:  8    XL:     2   Next: 96%
Magic:  1/5        EV: 11    Int: 16    God:
Gold:   41         SH:  4    Dex: 13    Spells: 3/5 levels left

rFire   . . .        a - +1 dagger
rCold   . . .        j - +0 buckler
rNeg    . . .        b - +0 robe
rPois   .            (no helmet)
rElec   .            (no cloak)
rCorr   .            (no gloves)
SInv    .            (no boots)
Will    .....        (no amulet)
Stlth   ++           (no ring)
HPRegen 0.23/turn    (no ring)
MPRegen 0.09/turn

%: no passive effects
@: invisible
A: icy blue scales 1
a: no special abilities


You were on level 2 of the Dungeon.
You visited 1 branch of the dungeon, and saw 2 of its levels.

You collected 41 gold pieces.

Inventory:

Hand Weapons
 a - a +1 dagger (weapon)
 h - a +0 short sword of speed
Missiles
 d - 3 curare-tipped darts
 f - 13 poisoned darts (quivered)
Armour
 b - a +0 robe (worn)
 j - a +0 buckler (worn)
Scrolls
 i - a scroll of immolation {unknown}
Potions
 c - a potion of invisibility
 e - a potion of lignification {unknown}
 g - a potion of degeneration {unknown}


   Skills:
 + Level 1.7 Short Blades
 - Level 1.7 Dodging
 - Level 2.6 Stealth
 - Level 2.2 Spellcasting
 + Level 3.4 Hexes
 + Level 0.6 Ice Magic


You had 3 spell levels left.
You knew the following spells:

 Your Spells              Type           Power      Damage    Failure   Level
e - Ensorcelled Hibernat  Hex/Ice        16%        N/A       22%         2

Your spell library contained the following spells:

 Spells                   Type           Power      Damage    Failure   Level
 Confusing Touch          Hex            12%        N/A       24%         3
 Tukima's Dance           Hex            12%        N/A       24%         3
 Apportation              Tloc           2%         N/A       32%         1
 Necrotise                Necr           4%         1d4       32%         1
 Summon Small Mammal      Summ           4%         N/A       32%         1
 Dazzling Flash           Conj/Hex       14%        N/A       43%         3


Dungeon Overview and Level Annotations

Branches:
Dungeon (2/15)

Altars:


Innate Abilities, Weirdness & Mutations

You are partially covered in icy blue scales. (AC +2)


Message History

Casting: Ensorcelled Hibernation (safe; 22% risk of failure)
Confirm with . or Enter, or press ? or * to list all spells.
Aiming: Ensorcelled Hibernation (safe; 22% risk of failure)
Press: ? - help, Shift-Dir - straight line, f - quokka
Aim: a quokka (moderately wounded, chance to affect: 59%)
The quokka resists with significant effort.
The quokka barely misses you.
Casting: Ensorcelled Hibernation (safe; 22% risk of failure)
Confirm with . or Enter, or press ? or * to list all spells.
Aiming: Ensorcelled Hibernation (safe; 22% risk of failure)
Press: ? - help, Shift-Dir - straight line, f/p - quokka
Aim: a quokka (moderately wounded, chance to affect: 59%)
The quokka resists with significant effort.
The quokka closely misses you. The quokka bites you.
You closely miss the quokka.
The quokka is moderately wounded.
The quokka barely misses you.
You hit the quokka but do no damage.
The quokka is moderately wounded.
The quokka closely misses you.
You hit the quokka.
The quokka is heavily wounded.
The quokka twitches its whiskers.
The quokka bites you but does no damage.
You miss the quokka.
The quokka is heavily wounded.
The quokka bites you.
You closely miss the quokka.
The quokka is heavily wounded.
The quokka bites you but does no damage.
You hit the quokka but do no damage.
The quokka is heavily wounded.
The quokka bites you. x2
* * * LOW HITPOINT WARNING * * *
Casting: Ensorcelled Hibernation (safe; 22% risk of failure)
Confirm with . or Enter, or press ? or * to list all spells.
Okay, then.
You fade into invisibility!
The quokka bites you.
You die...

..#.#.# #.####.##..
#######.#.####.#
#.......r..
.........).....# #........#
#######.#.########........#
#.......................#
#.###.#†#######.........#
#.#.# ##............#
#.#.###.†....########
#....@r.............
###.###....######### ...#
#........ ...... #.#######
.......# #.# .....#.# #.#
#.#.##.# #.# #... ..# #.#


You could see a quokka (unable to see you).

Vanquished Creatures
  A dart slug (D:2)
  3 ball pythons (D:1)
  2 bats (D:1)
  2 endoplasms (D:1)
  A goblin (D:1)
  2 hobgoblins
  A jackal (D:2)
  3 quokkas
  3 frilled lizards
  3 kobolds (D:2)
  3 rats
24 creatures vanquished.

Notes
Turn   | Place    | Note
-------+----------+-------------------------------------------
     0 | D:1      | porpoise the Demonspawn Enchanter began the quest for the
                  | Orb.
     0 | D:1      | Reached XP level 1. HP: 13/13 MP: 3/3
    16 | D:1      | Reached skill level 1 in Short Blades
   159 | D:1      | Gained mutation: You are partially covered in icy blue
                  | scales. (AC +2) [demonic ancestry]
   159 | D:1      | Reached XP level 2. HP: 8/19 MP: 5/5
   209 | D:1      | Learned a level 2 spell: Ensorcelled Hibernation
  1338 | D:2      | Slain by a quokka

Illustrated notes

Levels and vault maps discovered:
D:1:      onia_arrival_pentagram, layout_basic
D:2:      layout_basic

Skill      XL: |  1 |
---------------+----+-----
Short Blades   | 1 |  1.7
Dodging        | |  1.7
Stealth        | |  2.6
Spellcasting   | |  2.2
Hexes          | |  3.4
Ice Magic      | |  0.6

Action                     || total
---------------------------++-------
  Melee: Dagger            ||   115
  Throw: Dart              ||     2
   Cast: Ensorcelled Hiber ||     2
    Use: Potion            ||     1
   Stab: Sleeping          ||     2
 Armour: Robe              ||    54
  Dodge: Dodged            ||    53
  Block: Buckler           ||     5

Table legend: (Time is in decaauts)
 A = Elapsed time spent in this place.
 B = Non-inter-level travel time spent in this place.
 C = Inter-level travel time spent in this place.
 D = Time resting spent in this place.
 E = Time spent auto-exploring this place.
 F = Levels seen in this place.
 G = Mean time per level.
                   A        B        C        D        E       F      G
               +--------+--------+--------+--------+--------+-----+--------+
         Total |   1331 |   1319 |     12 |    334 |    690 |   2 |  665.5 |
       Dungeon |   1331 |   1319 |     12 |    334 |    690 |   2 |  665.5 |
               +--------+--------+--------+--------+--------+-----+--------+

Top non-repeatable levels by time:
     D:1: 1072 daAuts
     D:2: 258 daAuts
